 Dungeon Crawl Stone Soup version 0.27.1-34-g3ba077fa99 (webtiles) character file.

Game seed: 15055094786457639882

5297 Gabide the Nimble (level 10, 0/82 HPs)
             Began as a Human Monk on Jan 7, 2022.
             Was a Believer of Elyvilon.
             Slain by a wyvern (11 damage)
             ... on level 8 of the Dungeon on Jan 8, 2022.
             The game lasted 00:17:42 (11461 turns).

Gabide the Nimble (Human Monk)                     Turns: 11461, Time: 00:17:42

Health: 0/82       AC:  9    Str: 11    XL:     10   Next: 95%
Magic:  0/19       EV: 17    Int: 14    God:    Elyvilon [**....]
Gold:   152        SH:  0    Dex: 19    Spells: 9/9 levels left

rFire    . . .     SeeInvis +   g - +2 whip (elec)
rCold    . . .     Faith    .   (no shield)
rNeg     . . .     Spirit   +   n - +3 leather armour "Cuthrasme" {Int+3 SInv}
rPois    +         Reflect  .   (no helmet)
rElec    .         Harm     .   (no cloak)
rCorr    .         Rampage  .   (no gloves)
Will     .....                  j - +1 pair of boots
Stlth    +++.......             a - amulet of guardian spirit
HPRegen  0.23/turn              h - ring of magical power
MPRegen  0.16/turn              s - ring of poison resistance

@: no status effects
A: no striking features
a: Renounce Religion, Lesser Healing, Heal Other, Divine Protection


You were on level 8 of the Dungeon.
You worshipped Elyvilon.
Elyvilon was pleased with you.
You visited 2 branches of the dungeon, and saw 9 of its levels.

You collected 392 gold pieces.
You spent 240 gold pieces at shops.

Inventory:

Hand Weapons
 g - a +2 whip of electrocution (weapon)
 v - a +0 halberd
Missiles
 w - a throwing net (quivered)
Armour
 j - a +1 pair of boots (worn)
 l - a +2 robe of willpower
 n - the +3 leather armour "Cuthrasme" (worn) {Int+3 SInv}
   (You found it on level 4 of the Dungeon)

   Int:       It affects your intelligence (+3).
   SInv:      It lets you see invisible.
Jewellery
 a - an amulet of guardian spirit (around neck)
 b - a ring of flight
 h - a ring of magical power (left hand)
 s - a ring of poison resistance (right hand)
 u - a +4 ring of protection
Scrolls
 m - 2 scrolls of fog
 t - 3 scrolls of teleportation
Potions
 c - a potion of experience {unknown}
 d - 2 potions of cancellation {unknown}
 e - a potion of invisibility {unknown}
 f - 2 potions of mutation {unknown}
 i - 2 potions of flight
 k - 3 potions of lignification
 o - a potion of might {unknown}
 p - 3 potions of brilliance {unknown}
 q - a potion of ambrosia {unknown}
 x - a potion of heal wounds {unknown}


   Skills:
 + Level 8.4 Fighting
 * Level 7.8 Polearms
 - Level 0.1 Throwing
 + Level 6.2 Armour
 + Level 9.3 Dodging
 - Level 4.0 Stealth


You had 9 spell levels left.
You didn't know any spells.
Your spell library contained the following spells:

 Spells                   Type           Power      Damage    Failure   Level
 Apportation              Tloc           0%         N/A       36%         1
 Foxfire                  Conj/Fire      0%         2x1d4     36%         1
 Dazzling Flash           Conj/Hex       0%         N/A       73%         3
 Agony                    Necr           0%         N/A       100%        5
 Alistair's Intoxication  Tmut/Pois      0%         N/A       100%        5
 Irradiate                Conj/Tmut      0%         3d13      100%        5
 Silence                  Hex/Air        0%         N/A       100%        5
 Invisibility             Hex            0%         N/A       100%        6
 Statue Form              Tmut/Erth      0%         N/A       100%        6
 Ignition                 Fire           0%         3d3       100%        8


Dungeon Overview and Level Annotations

Branches:
Dungeon (8/15)             Temple (1/1) D:5
   Lair: D:8-11

Altars:
Ashenzari
Cheibriados
Dithmenos
Elyvilon
Fedhas
Gozag
Hepliaklqana
Kikubaaqudgha
Makhleb
Nemelex Xobeh
Okawaru
Qazlal
Ru
Sif Muna
Trog
Uskayaw
Vehumet
Wu Jian
Xom
Yredelemnul
Zin
The Shining One

Shops:
D:5 =   D:6 =

Annotations:
D:5 2 transporters
D:8 Psyche


Message History

The wyvern is lightly wounded.
The wyvern bites you but does no damage.
The centaur hits you but does no damage.
The centaur kicks you but does no damage.
The wyvern barely misses you. The centaur hits you with a +0 dagger.
The centaur completely misses you.
The centaur unwields a +0 dagger.
The centaur wields a +0 shortbow.
The centaur shoots an arrow.
The arrow hits you!
The centaur shoots an arrow.
The arrow misses you. The wyvern bites you!
The centaur shoots an arrow.
The arrow hits you.
You barely miss the wyvern.
The wyvern is lightly wounded.
The wyvern closely misses you. The wyvern bites you.
You hit the wyvern but do no damage.
The wyvern is lightly wounded.
The wyvern closely misses you.
You closely miss the wyvern.
The wyvern is lightly wounded.
The wyvern bites you but does no damage.
The wyvern bites you. The gnoll barely misses you. The wyvern bites you!
Unknown command.
The wyvern bites you.
There is a stone staircase leading down here.
The centaur shoots an arrow.
The arrow hits you.
* * * LOW HITPOINT WARNING * * *
The centaur shoots an arrow.
The arrow hits you!
* * * LOW HITPOINT WARNING * * *
The wyvern bites you but does no damage.
The wyvern bites you!
* * * LOW HITPOINT WARNING * * *
The wyvern barely misses you.
The centaur shoots an arrow.
The arrow hits you but does no damage.
Things that are here:
a +0 leather armour; a +0 whip; a kobold skeleton You feel better.
The wyvern bites you!
* * * LOW HITPOINT WARNING * * *
The centaur shoots an arrow.
The arrow completely misses you. The wyvern bites you!
You die...

#.......#
#.......#
#.......#
#.......#
###.......#
.......>..#
###.......#
#.......#
#...l@[<#
##.c.....# .
#g>.###### ..
#g### ... #.#
.... #.#
..... ##.#
......###..##
....ggg.....#


You could see a wyvern, a centaur and 2 gnolls.

Vanquished Creatures
  Erica (D:7)
  A two-headed ogre (D:7)
  Maggie (D:8)
  An unseen horror (D:6)
  2 water moccasins (D:7)
  3 orc warriors
  An ice beast (D:7)
  A hornet zombie (D:8)
  5 black bears
  5 necrophages
  A centaur (D:7)
  An ogre (D:6)
  A phantom (D:4)
  A scorpion (D:5)
  A water moccasin zombie (D:6)
  A wyvern skeleton (D:5)
  3 howler monkeys (D:8)
  A centaur skeleton (D:7)
  2 centaur zombies
  A hound (D:4)
  8 orc priests
  A gnoll shaman (D:7)
  2 jellies
  A bullfrog skeleton (D:5)
  3 iguanas
  6 orc wizards
  A killer bee zombie (D:7)
  A hound zombie (D:5)
  8 gnolls
  A howler monkey skeleton (D:7)
  11 adders
  A shadow imp (D:6)
  An ufetubus (D:5)
  7 dart slugs
  37 orcs
  4 ball pythons
  5 bats
  3 endoplasms
  2 giant cockroaches
  5 goblins
  11 hobgoblins
  8 jackals
  A quokka (D:2)
  5 frilled lizards
  10 kobolds
  8 rats
185 creatures vanquished.

Vanquished Creatures (collateral kills)
  A bat (D:1)
  2 frilled lizards (D:1)
3 creatures vanquished.

Grand Total: 188 creatures vanquished

Notes
Turn   | Place    | Note
-------+----------+-------------------------------------------
     0 | D:1      | Gabide the Human Monk began the quest for the Orb.
     0 | D:1      | Reached XP level 1. HP: 18/18 MP: 1/1
   131 | D:1      | Reached XP level 2. HP: 15/24 MP: 2/2
   860 | D:1      | Reached XP level 3. HP: 29/29 MP: 3/3
   982 | D:1      | Got Sif Muna's Handbook of the Mutagenic Blaze
  1985 | D:2      | Reached XP level 4. HP: 28/35 MP: 4/4
  3078 | D:3      | Reached XP level 5. HP: 29/41 MP: 5/5
  3236 | D:3      | Noticed a necrophage
  3248 | D:3      | Killed a necrophage
  3249 | D:3      | Reached skill level 4 in Dodging
  3250 | D:3      | Reached XP level 6. HP: 35/48 MP: 6/6
  3699 | D:3      | Found a basalt altar of Yredelemnul.
  3998 | D:4      | Identified the +3 leather armour "Cuthrasme" {Int+3 SInv}
  4143 | D:4      | Reached XP level 7. HP: 46/54 MP: 7/7
  4427 | D:4      | Reached skill level 1 in Armour
  4427 | D:4      | Reached skill level 5 in Dodging
  4600 | D:4      | Reached skill level 5 in Polearms
  4690 | D:5      | Entered Level 5 of the Dungeon
  4751 | D:4      | Reached skill level 5 in Fighting
  4751 | D:4      | Reached XP level 8. HP: 44/62 MP: 8/8
  6465 | D:5      | Found a transporter.
  6512 | D:5      | Reached skill level 6 in Dodging
  6589 | D:5      | Reached XP level 9. HP: 64/69 MP: 9/9
  6674 | D:5      | Found a transporter.
  6703 | D:5      | Found a staircase to the Ecumenical Temple.
  6733 | Temple   | Entered the Ecumenical Temple
  6756 | Temple   | Became a worshipper of Elyvilon the Healer
  6756 | Temple   | Reached * piety under Elyvilon
  6756 | Temple   | Reached ** piety under Elyvilon
  6983 | D:5      | Found Egogouw's Jewellery Shop.
  7118 | D:6      | Noticed an unseen horror
  7128 | D:6      | Killed an unseen horror
  7479 | D:6      | Reached skill level 7 in Dodging
  7776 | D:6      | Found Filei's Jewellery Emporium.
  7779 | D:6      | Bought a ring of poison resistance for 240 gold pieces
  8806 | D:7      | Reached skill level 5 in Armour
  8834 | D:7      | Reached XP level 10. HP: 42/79 MP: 10/10
  9465 | D:7      | Reached skill level 8 in Dodging
 10095 | D:8      | Noticed Erica
 10102 | D:8      | Noticed Maggie
 10105 | D:8      | Noticed a two-headed ogre
 10197 | D:7      | Killed Erica
 10259 | D:8      | Killed Maggie
 10459 | D:8      | Noticed Psyche
 10764 | D:8      | Reached skill level 9 in Dodging
 10988 | D:7      | Killed a two-headed ogre
 11461 | D:8      | Slain by a wyvern

Illustrated notes

Levels and vault maps discovered:
D:1:      amcnicky_arrival_single_pillar, layout_basic,
          minmay_misc_feat_four_crosses, minivault_14, minivault_19
D:2:      layout_basic
D:3:      layout_loops_ring, mainiacjoe_overflow_chevrons
D:4:      layout_cave_pools, minmay_fountain_box
D:5:      gammafunk_steamed_eel, layout_loops_ring, temple_green, serial_shops,
          nicolae_lakefront_shop, grunt_ministairs_13, columned_hall_lemuel,
          hangedman_decor_points, minmay_starry_boxes
D:6:      layout_loops_ring, serial_shops, kennysheep_mini
D:7:      layout_basic, chequers_serial_rivers_room_a, hangedman_decor_slide_cut
D:8:      layout_rooms, david_lair_generic, amethyst_killhole, uniq_erica,
          uniq_psyche, uniq_maggie
Temple:   minmay_crystal_snake_temple

Skill      XL: |  1  2  3  4  5  6  7  8  9 10 |
---------------+-------------------------------+-----
Polearms       | 4 5 6 7 |  7.8
Dodging        | 4 5 6 7 9 |  9.3
Stealth        | 3 4 |  4.0
Fighting       | 4 5 6 7 8 |  8.4
Armour         | 2 3 5 6 |  6.2
Throwing       | |  0.1

Action                   |  1- 3 |  4- 6 |  7- 9 | 10-12 || total
-------------------------+-------+-------+-------+-------++-------
Melee: Spear             |    91 |       |       |       ||    91
       Whip              |    22 |   131 |   320 |   153 ||   626
       Halberd           |       |       |       |    12 ||    12
Throw: Throwing net      |       |       |     2 |     3 ||     5
  Use: Scroll            |     2 |     1 |     6 |     3 ||    12
       Potion            |       |       |     1 |     4 ||     5
 Stab: Sleeping          |     4 |    10 |     6 |     1 ||    21
       Distracted        |     1 |       |     1 |       ||     2
       Held in net/web   |       |       |     1 |     3 ||     4
Armor: Robe              |    16 |    27 |       |       ||    43
       Leather armour    |       |     5 |    98 |    70 ||   173
Dodge: Dodged            |    74 |    85 |   315 |   169 ||   643
